 Dungeon Crawl Stone Soup version 0.30-a0-878-gc727b3d3d6 (webtiles) character file.

Game seed: 10122639984119681992

457 Anamonty the Grave Robber (level 7, -1/35 HPs)
             Began as a Vine Stalker Necromancer on Mar 12, 2023.
             Slain by a mummy (9 damage)
             ... in an ossuary.
             The game lasted 00:07:59 (2955 turns).

Anamonty the Grave Robber (VSNe)                    Turns: 2955, Time: 00:08:00

Health: -1/35      AC:  3    Str: 13 (15) XL:     7   Next: 6%
Magic:  0/13       EV: 12    Int: 14 (16) God:
Gold:   149        SH:  0    Dex: 10 (13) Spells: 5/13 levels left

rFire   . . .      SeeInvis .    g - +0 dagger (protect)
rCold   . . .      Faith    .    (no shield)
rNeg    . . .      Spirit   +    a - +0 robe
rPois   .          Reflect  .    t - +0 helmet
rElec   .          Rampage  .    (no cloak)
rCorr   .          Clarity  +    (no gloves)
Will    .....                    (no boots)
Stlth   ++                       (no amulet)
HPRegen 1.05/turn                (no ring)
MPRegen 0.13/turn                (no ring)

@: brilliant, flying, hasted, very quick
A: fangs 2, regeneration 1, magic shield, antimagic bite, no potion heal 2,
clarity, strong 1
a: no special abilities


You were in an ossuary.
You visited 1 branch of the dungeon, and saw 5 of its levels.
You also visited: Ossuary.

You collected 149 gold pieces.

Inventory:

Hand Weapons
 d - a +0 short sword
 g - a +0 dagger of protection (weapon)
Armour
 a - a +0 robe (worn)
 t - a +0 helmet (worn)
Jewellery
 m - an amulet of faith
Scrolls
 c - a scroll of fear {unknown}
 e - a scroll of butterflies {unknown}
 f - 5 scrolls of teleportation
 i - 3 scrolls of fog
 j - a scroll of noise
 k - 2 scrolls of amnesia
 r - a scroll of brand weapon {unknown}
 u - a scroll of identify {unknown}
 v - a scroll of vulnerability {unknown}
Potions
 h - a potion of heal wounds
 l - a potion of curing
 n - 3 potions of flight
 q - a potion of mutation
 w - a potion of resistance {unknown}


   Skills:
 + Level 2.3 Fighting
 + Level 2.8 Dodging
 - Level 4.0 Stealth
 + Level 3.6 Spellcasting
 * Level 5.9 Necromancy


You had 5 spell levels left.
You knew the following spells:

 Your Spells              Type           Power      Damage    Failure   Level
a - Necrotise             Necr           100%       1d9       1%          1
b - Vampiric Draining     Necr           28%        2d8       5%          3
c - Animate Dead          Necr           28%        N/A       19%         4

Your spell library contained the following spells:

 Spells                   Type           Power      Damage    Failure   Level
 Agony                    Necr           28%        N/A       45%         5
 Dazzling Flash           Conj/Hex       6%         N/A       52%         3
 Gell's Gravitas          Tloc           3%         N/A       52%         3
 Teleport Other           Tloc           3%         N/A       52%         3
 Silence                  Hex/Air        1%         N/A       99%         5
 Dispersal                Tloc           1%         N/A       100%        6


Dungeon Overview and Level Annotations

Branches:
Dungeon (5/15)            Ossuary (1/1)
 Temple: D:4-7

Altars:
Hepliaklqana
Nemelex Xobeh
Ru
Uskayaw
Wu Jian

Annotations:
D:4 Dowan, Duvessa


Innate Abilities, Weirdness & Mutations

You have extremely sharp teeth.
Your natural rate of healing is unusually fast.
When hurt, damage is shared between your health and your magic reserves.
Your bite disrupts and absorbs the magic of your enemies.
Potions cannot restore your health.
You possess an exceptional clarity of mind.
Your muscles are strong. (Str +4, Int/Dex -1)


Message History

The orc zombie closely misses you.
You hit the orc zombie.
The orc zombie is lightly damaged.
You hit the mummy.
The mummy is lightly damaged.
You hit the mummy. Your bite misses the mummy.
The mummy is moderately damaged.
You hit the mummy but do no damage.
The mummy is moderately damaged.
The orc zombie misses you. The mummy barely misses you.
You hit the mummy but do no damage.
The mummy is moderately damaged.
The orc zombie hits you but does no damage.
You hit the orc zombie. You bite the orc zombie. You drain its power.
The orc zombie is severely damaged.
The mummy closely misses you. The mummy hits you.
You hit the mummy but do no damage. You bite the mummy. You drain its power.
You feel invigorated.
The mummy is lightly damaged.
The mummy hits you. The mummy hits you!
You hit the mummy. You punch the mummy, but do no damage.
The mummy is lightly damaged.
It was a potion of mutation.
You feel extremely strange.
You feel stronger.
Your thoughts seem clearer.
The mummy barely misses you. The mummy hits you.
The mummy hits you but does no damage.
It was a potion of heal wounds.
That seemed strangely inert.
It was a potion of degeneration.
There was something very wrong with that liquid.
You feel weakened.
You feel dopey.
You feel clumsy. The mummy hits you but does no damage. The mummy hits you!
The mummy closely misses you.
It was a potion of brilliance.
You feel clever all of a sudden.
The mummy misses you. x2; The mummy hits you!
It was a potion of haste.
You feel yourself speed up. The mummy hits you!
* * * LOW HITPOINT WARNING * * *
The mummy hits you!
You die...

#....#
#....#
#....#
#....#
#....#
#....#
#Z...#
#MM..#
#@MZ.#
######


You could see 3 mummies, a gnoll zombie and an orc zombie.

Vanquished Creatures
  A black bear (D:5)
  An ogre (D:5)
  2 hounds (D:5)
  A jelly (D:5)
  A gnoll bouda (D:5)
  An orc wizard (D:4)
  A gnoll (D:5)
  2 adders
  2 worms
  2 dart slugs (D:1)
  5 ball pythons
  5 bats
  5 endoplasms
  4 giant cockroaches
  7 goblins
  5 hobgoblins
  6 jackals
  6 kobolds
  5 quokkas
  3 frilled lizards
  A gnoll zombie (Ossuary)
  A hobgoblin zombie (Ossuary)
  4 rats
71 creatures vanquished.

Vanquished Creatures (collateral kills)
  3 gnolls (D:5)
  A kobold (D:1)
4 creatures vanquished.

Vanquished Creatures (others)
  2 gnoll zombies (D:5)
2 creatures vanquished.

Grand Total: 77 creatures vanquished

Notes
Turn   | Place    | Note
-------+----------+-------------------------------------------
     0 | D:1      | Anamonty the Vine Stalker Necromancer began the quest for
                  | the Orb.
     0 | D:1      | Reached XP level 1. HP: 9/9 MP: 4/4
   113 | D:1      | Found a faded altar of an unknown god.
   125 | D:1      | Reached XP level 2. HP: 13/13 MP: 4/6
   450 | D:1      | Reached XP level 3. HP: 14/17 MP: 1/7
   782 | D:1      | Learned a level 3 spell: Vampiric Draining
  1470 | D:3      | Found an ornate altar of the Wu Jian Council.
  1519 | D:3      | Reached skill level 1 in Fighting
  1522 | D:3      | Gained mutation: Your natural rate of healing is unusually
                  | fast. [Vine Stalker growth]
  1522 | D:3      | Reached XP level 4. HP: 22/22 MP: 5/8
  1612 | D:3      | Found a hide-covered altar of Uskayaw.
  2039 | D:4      | Found a hazy altar of Hepliaklqana.
  2133 | D:4      | Found a sacrificial altar of Ru.
  2290 | D:4      | Reached XP level 5. HP: 25/25 MP: 7/10
  2299 | D:4      | Learned a level 4 spell: Animate Dead
  2320 | D:4      | Noticed Duvessa
  2320 | D:4      | Noticed Dowan
  2362 | D:5      | Entered Level 5 of the Dungeon
  2371 | D:5      | Reached skill level 5 in Necromancy
  2417 | D:5      | Found a sparkling altar of Nemelex Xobeh.
  2653 | D:5      | Reached XP level 6. HP: 23/30 MP: 1/11
  2741 | D:5      | Noticed a black bear
  2769 | D:5      | Killed a black bear
  2803 | D:5      | Reached XP level 7. HP: 35/35 MP: 0/13
  2807 | D:5      | Found a sand-covered staircase.
  2898 | Ossuary  | Entered an ossuary
  2950 | Ossuary  | Gained mutation: Your muscles are strong. (Str +4, Int/Dex
                  | -1) [potion of mutation]
  2950 | Ossuary  | Gained mutation: You possess an exceptional clarity of
                  | mind. [potion of mutation]
  2955 | Ossuary  | Slain by a mummy

Illustrated notes

Levels and vault maps discovered:
D:1:      matt_arrival_diagonals, layout_basic,
          dreamdust_ecumenical_altar_statues
D:2:      layout_basic
D:3:      layout_rooms, nicolae_uskayaw_suspiria, nzn_wu_jian_contemplation
D:4:      layout_loops_cross, nicolae_ru_great_annihilating_truth,
          mainiacjoe_overflow_catwalk, uniq_duvessa
D:5:      layout_loops_corners, mainiacjoe_overflow_paths,
          minmay_temple_entry_offerings, enter_ossuary_2, uniq_eustachio,
          uniq_prince_ribbit1
Ossuary:  ossuary_tomb_3

Skill      XL: |  1  2  3  4  5  6 |
---------------+-------------------+-----
Stealth        | 3 4 |  4.0
Dodging        | 2 |  2.8
Fighting       | 1 2 |  2.3
Necromancy     | 5 |  5.9
Spellcasting   | 3 |  3.6

Action                     |  1- 3 |  4- 6 |  7- 9 || total
---------------------------+-------+-------+-------++-------
  Melee: Unarmed           |     7 |       |       ||     7
         Bite              |    13 |    10 |     6 ||    29
         Short sword       |    16 |       |       ||    16
         Dagger            |    55 |    36 |    19 ||   110
         Punch             |     1 |     1 |     2 ||     4
   Cast: Necrotise         |    31 |    50 |       ||    81
         Vampiric Draining |     1 |     9 |       ||    10
         Animate Dead      |       |     1 |       ||     1
    Use: Scroll            |     3 |     2 |       ||     5
         Potion            |       |     1 |     7 ||     8
   Stab: Sleeping          |     4 |     4 |       ||     8
         Paralysed         |       |     1 |       ||     1
 Armour: Robe              |    17 |    11 |     6 ||    34
  Dodge: Dodged            |    70 |    41 |    11 ||   122

Table legend: (Time is in decaauts)
 A = Elapsed time spent in this place.
 B = Non-inter-level travel time spent in this place.
 C = Inter-level travel time spent in this place.
 D = Time resting spent in this place.
 E = Time spent auto-exploring this place.
 F = Levels seen in this place.
 G = Mean time per level.
                   A        B        C        D        E       F      G
               +--------+--------+--------+--------+--------+-----+--------+
         Total |   2955 |   2840 |    115 |     86 |   1779 |   6 |  492.5 |
       Dungeon |   2898 |   2783 |    115 |     86 |   1778 |   5 |  579.6 |
       Ossuary |     56 |     56 |      0 |      0 |      1 |   1 |   56.0 |
               +--------+--------+--------+--------+--------+-----+--------+

Top non-repeatable levels by time:
     D:1: 795 daAuts
     D:2: 649 daAuts
     D:3: 600 daAuts
     D:4: 485 daAuts
     D:5: 367 daAuts
 Ossuary: 56 daAuts
